Map: Kairos Junction LE

Players

Mez

  • Race: Terran Terran
  • League: Master
  • Spawn Location: 5:00

Luffy - Winner!

  • Race: Zerg Zerg
  • League: Master
  • Spawn Location: 11:00

VOD

Have the link to the VOD?

Description

Time

  • Played on: Aug. 15, 2019, 5:31 p.m.
  • Length: 12:16
Show
View Real Time Build Order
Export as new Build Order

Mez Terran 

Build Orders: Reaper Expand 

Get SALT Encoding   

  12  0:01  SCV  
  13  0:13  SCV  
  14  0:18  Supply Depot  
  14  0:25  SCV  
  15  0:40  SCV  
  15  0:41  Barracks  
  16  0:47  Refinery  
  16  0:52  SCV  
  17  1:04  SCV  
  18  1:16  SCV  
  19  1:29  Orbital Command  
  19  1:30  Reaper  
  20  1:41  Command Center  
  20  1:50  Supply Depot  
  20  1:55  SCV  
  21  2:02  Marine  
  21  2:07  SCV  
  23  2:20  SCV  
  23  2:22  Factory  
  24  2:26  Marine  
  25  2:45  Barracks Reactor  
  25  2:48  SCV  
  26  2:53  Command Center  
  26  3:03  Orbital Command  
  26  3:04  SCV  
  27  3:07  Hellion  
  29  3:16  SCV  
  30  3:27  Starport  
  30  3:28  SCV  
  30  3:31  SCV  
  32  3:35  Hellion x2  
  32  3:40  SCV  
  37  3:43  SCV  
  38  3:48  Barracks Tech Lab  
  38  3:52  SCV  
  38  3:54  Bunker  
  38  3:55  SCV  
  40  3:58  Bunker  
  40  4:00  Widow Mine  
  43  4:04  SCV  
  43  4:07  SCV  
  43  4:08  Marauder  
  47  4:12  Widow Mine  
  47  4:16  SCV  
  47  4:18  Refinery  
  44  4:28  Viking  
  45  4:35  Marauder  
  40  4:46  SCV x2  
  40  4:48  Orbital Command  
  38  4:55  Orbital Command  
  38  4:57  Widow Mine  
  38  4:58  SCV, Marauder  
  40  5:10  SCV  
  36  5:20  Marauder  
  35  5:22  SCV  
  35  5:23  SCV x2  
  35  5:27  Orbital Command  
  34  5:31  Hellion  
  34  5:34  Viking, SCV  
  34  5:35  SCV  
  33  5:47  SCV x2  
  35  5:53  Factory  
  35  5:58  SCV  
  35  5:59  SCV x2  
  38  6:08  Factory Reactor  
  38  6:09  Banshee  
  38  6:10  SCV  
  38  6:11  SCV x2  
  43  6:17  Refinery  
  44  6:19  Refinery  
  44  6:22  SCV  
  45  6:31  SCV x2  
  42  6:34  SCV  
  39  6:43  SCV x2  
  39  6:46  SCV  
  38  6:52  Hellion x2  
  38  6:53  Hellion  
  44  6:55  SCV x2  
  44  6:58  SCV  
  44  7:07  SCV  
  45  7:15  Supply Depot  
  45  7:18  Supply Depot  
  45  7:30  SCV x2  
  45  7:36  Banshee  
  49  7:37  SCV  
  49  7:43  SCV x2  
  51  7:45  Factory Tech Lab  
  51  7:46  Hellion x2  
  51  7:49  SCV  
  56  7:55  SCV x2  
  58  8:01  SCV  
  59  8:06  Armory, Command Center  
  59  8:07  Factory, SCV x2  
  59  8:08  Armory  
  59  8:11  Supply Depot  
  61  8:18  Supply Depot  
  61  8:19  Supply Depot  
  61  8:32  Cyclone, SCV x2  
  61  8:33  Hellion, SCV  
  69  8:40  Hellion  
  71  8:45  SCV x3  
  73  8:57  SCV  
  73  8:58  Supply Depot  
  73  9:00  Supply Depot  
  73  9:02  Supply Depot  
  59  9:22  Banshee  
  59  9:24  Siege Tank  
  62  9:25  Factory Tech Lab  
  62  9:26  Orbital Command  
  62  9:37  SCV  
  62  9:38  SCV  
  64  9:42  Supply Depot  
  64  9:45  Supply Depot  
  64  9:56  Siege Tank  
  67  10:26  Banshee  
  70  10:39  Orbital Command  
  70  10:57  Siege Tank x2  
  73  11:04  SCV  
  73  11:09  Banshee  
  77  11:26  SCV x3  
  80  11:38  SCV x2  
  65  11:54  SCV x3  
Show
View Real Time Build Order
Export as new Build Order

Luffy Zerg - Winner!

Build Orders: Hatch First, Ravager All-In 

Get SALT Encoding   

  12  0:02  Drone  
  13  0:16  Overlord  
  13  0:17  Drone  
  14  0:34  Drone  
  14  0:35  Drone  
  16  0:38  Drone  
  17  0:56  Hatchery  
  16  0:57  Drone  
  17  1:11  Spawning Pool  
  16  1:13  Drone  
  16  1:16  Extractor  
  16  1:18  Drone  
  16  1:22  Drone  
  18  1:31  Drone  
  19  1:57  Queen  
  19  1:58  Zergling x2  
  22  2:02  Overlord  
  22  2:08  Queen  
  22  2:09  Drone x2  
  22  2:15  Roach Warren  
  25  2:17  Extractor  
  25  2:20  Zergling x2  
  25  2:32  Spore Crawler  
  24  2:43  Drone x2  
  25  2:54  Roach  
  25  2:55  Roach x3  
  35  3:05  Roach  
  35  3:19  Overlord  
  35  3:23  Overlord  
  35  3:24  Overlord  
  35  3:31  Overlord  
  35  3:42  Ravager  
  35  3:43  Ravager x3  
  35  3:45  Drone x3  
  35  3:46  Drone  
  43  3:55  Ravager  
  43  4:35  Zergling x2  
  43  4:36  Zergling x16  
  47  5:03  Drone  
  47  5:04  Drone x4  
  47  5:05  Lair  
  52  5:07  Metabolic Boost  
  46  5:34  Overlord  
  45  5:45  Drone x3  
  45  5:46  Queen  
  45  5:47  Extractor  
  45  5:48  Extractor  
  48  5:51  Drone x2  
  50  5:59  Drone  
  50  6:01  Drone x3  
  50  6:02  Hatchery  
  50  6:04  Glial Reconstitution  
  53  6:09  Drone  
  54  6:12  Drone  
  54  6:17  Spore Crawler x2, Queen  
  55  6:30  Roach x2  
  55  6:31  Roach  
  57  6:49  Roach  
  58  6:59  Roach  
  58  7:08  Drone  
  59  7:14  Nydus Network, Queen  
  60  7:15  Queen  
  60  7:19  Overlord x2  
  62  7:27  Drone x2  
  62  7:28  Drone x2  
  63  7:42  Roach x5  
  63  7:43  Roach x4  
  79  8:01  Roach  
  79  8:02  Overlord x3  
  81  8:06  Spore Crawler  
  81  8:07  Overlord  
  81  8:08  Queen  
  82  8:22  Nydus Canal  
  82  8:26  Drone x2  
  82  8:27  Drone x5  
  89  8:34  Spore Crawler  
  89  8:41  Ravager  
  89  8:42  Ravager x4  
  89  8:46  Roach  
  89  8:47  Roach x7  
  104  9:30  Spire, Drone x5  
  108  10:01  Drone  
  108  10:02  Drone x2  
  108  10:04  Drone x3  
  114  10:24  Infestation Pit  
  113  10:34  Ravager  
  114  10:40  Hatchery  
  113  10:52  Overlord x3  
  113  10:53  Queen  
  113  10:55  Overlord x2  
  113  10:56  Overlord x2  
  113  11:00  Overlord x2, Extractor  
  113  11:01  Extractor  
  111  11:25  Mutalisk x10  
  113  11:30  Drone x2  
  113  11:31  Drone x3  
  136  11:36  Evolution Chamber  
  136  11:39  Evolution Chamber  
Tags
 
Add a new tag
Caveats
  • Supply blocks, unpowered buildings, or Contaminate may cause inaccurate times.
  • Supply counts are checked every 10 seconds.